 Dungeon Crawl Stone Soup version 0.22-a0-136-g83a10e5 (webtiles) character file.

511181 SnubMonkey the Slayer (level 25, -8/301 HPs)
             Began as an Ogre Berserker on Jan 31, 2018.
             Was the Champion of Trog.
             Mangled by a frost giant
             ... wielding a +1 battleaxe of freezing
              (25 damage)
             ... on level 4 of the Vaults on Feb 4, 2018.
             The game lasted 03:47:36 (70229 turns).

SnubMonkey the Slayer (Ogre Berserker)             Turns: 70229, Time: 03:47:37

Health: -8/301     AC: 35    Str: 36    XL:     25   Next: 54%
Magic:  23/23      EV: 20    Int:  8    God:    Trog [******]
Gold:   5001       SH:  0    Dex: 18    Spells: 24/24 levels left

rFire    + + .     SeeInvis .   a - +4 giant club of Ukhenaz {vamp, MR+}
rCold    + . .     Gourm    .   (shield currently unavailable)
rNeg     . . .     Faith    +   V - +8 gold dragon scales
rPois    +         Spirit   .   I - +1 hat
rElec    .         Reflect  .   W - +2 cloak
rCorr    +         Harm     .   (gloves unavailable)
MR       +++++                  (boots unavailable)
Stlth    ..........             r - amulet of faith
HPRegen  1.60/turn              G - ring of the Eight Queens {rCorr rF+ Dex+3}
MPRegen  0.18/turn              u - +4 ring of evasion

@: mighty, berserk cooldown, regenerating, slowed, drained, very slow
A: large, unfitting armour, blink, strong 1, tough skin 1, subdued magic 1
}: 2/15 runes: decaying, gossamer
a: Blink, Berserk, Trog's Hand, Brothers in Arms, Burn Spellbooks, Renounce
Religion


You were on level 4 of the Vaults.
You worshipped Trog.
Trog was exalted by your worship.
You were very hungry.

You visited 7 branches of the dungeon, and saw 41 of its levels.
You also visited: Ossuary, Bailey and Ice Cave.

You collected 5864 gold pieces.
You spent 863 gold pieces at shops.

Inventory:

Hand Weapons
 a - the +4 giant club of Ukhenaz (weapon) {vamp, MR+}
   (Trog gifted it to you on level 2 of the Vaults)

   It inflicts no extra harm, but heals its wielder when it wounds a living foe.
   It affects your resistance to hostile enchantments.
 b - the +3 giant spiked club of Isitoqymp {crush, rF+ rC+ rN+}
   (Trog gifted it to you on level 8 of the Dungeon)

   It inflicts extra damage upon your enemies.
   It protects you from fire.
   It protects you from cold.
   It protects you from negative energy.
 c - a +9 giant spiked club of chaos
 D - the +7 giant spiked club of Guniggyd {flame, Int+4}
   (Trog gifted it to you on level 1 of the Swamp)

   It has been specially enchanted to burn those struck by it, causing extra
   injury to most foes and up to half again as much damage against particularly
   susceptible opponents.
   It affects your intelligence (+4).
Missiles
 n - 7 javelins of penetration
 P - 8 throwing nets
 Z - 145 large rocks (quivered)
Armour
 I - a +1 hat (worn)
 V - +8 gold dragon scales (worn)
 W - a +2 cloak (worn)
Jewellery
 l - an uncursed ring of protection from magic
 m - an uncursed ring of protection from fire
 r - an amulet of faith (around neck)
 u - a +4 ring of evasion (right hand)
 w - the amulet "Pongiski" {Faith rF++ rC- Str+3}
   (You took it off a frost giant on level 3 of the Depths)

   [amulet of faith]

   It allows you to gain divine favour quickly.
   It affects your strength (+3).
   It greatly protects you from fire.
   It makes you vulnerable to cold.
 F - an uncursed ring of see invisible
 G - the ring of the Eight Queens (left hand) {rCorr rF+ Dex+3}
   (You found it on level 5 of the Lair of Beasts)

   [ring of resist corrosion]

   It affects your dexterity (+3).
   It protects you from fire.
Wands
 x - a wand of acid (17)
 B - a wand of digging (12)
 C - a wand of paralysis (12)
 Q - a wand of scattershot (13)
 S - a wand of iceblast (50)
Scrolls
 e - 8 scrolls of enchant weapon
 f - 4 scrolls of fear
 g - 20 scrolls of remove curse
 h - a scroll of summoning
 k - 10 scrolls of fog
 p - 5 scrolls of blinking
 y - a scroll of silence
 K - 9 scrolls of teleportation
 O - 3 scrolls of magic mapping
 U - 11 scrolls of identify
Potions
 d - 10 potions of brilliance
 i - 2 potions of might
 j - a potion of resistance
 o - 3 potions of flight
 q - 5 potions of agility
 s - 4 potions of haste
 t - 4 potions of cancellation
 z - 6 potions of curing
 L - 2 potions of invisibility
Miscellaneous
 J - a phantom mirror
Comestibles
 R - 37 rations


   Skills:
 * Level 26.5(25.5) Fighting
 - Level 22.0(21.0) Maces & Flails
 - Level 6.3(5.7) Throwing
 + Level 19.2(18.3) Armour
 + Level 18.3(17.5) Dodging


You had 24 spell levels left.
You didn't know any spells.

Dungeon Overview and Level Annotations

Branches:
Dungeon (15/15)            Temple (0/1) D:6            Lair (6/6) D:8
  Swamp (4/4) Lair:3       Spider (4/4) Lair:3        Slime (0/5) Lair:6
    Orc (2/2) D:9             Elf (0/3) Orc:2        Vaults (5/5) D:13
  Crypt (0/3) Vaults:2     Depths (5/5) D:15            Zot (0/5) Depths:5

Altars:
Ashenzari
Dithmenos
Elyvilon
Fedhas
Makhleb
Qazlal
Trog
Vehumet
Wu Jian
The Shining One
Beogh
Jiyva

Shops:
D:6 :*(   D:10 :   Orc:2 [:*(   Depths:1 !   Depths:4 }==   Depths:5 }=%

Portals:
Hell: Depths:1 Depths:2 Depths:3 Depths:4 Depths:5
Abyss: Depths:3 Depths:4 Depths:5
Pandemonium: Depths:3 Depths:5
Ziggurat: Depths:2

Annotations:
Vaults:5 Mennas
Depths:3 3 runed doors


Innate Abilities, Weirdness & Mutations

You are too large for most types of armour.
You have tough skin. (AC +1)
You can translocate small distances at will.
Your muscles are strong. (Str +2)
Your spells are a little easier to cast, but a little less powerful.


Message History

The shadow dragon completely misses you.
The shadow dragon misses you. The stone giant closely misses you.
The purple very ugly thing gores you!
* * * LOW HITPOINT WARNING * * *
The frost giant completely misses you.
The frost giant hits your stone giant with a battleaxe of freezing!!
The frost giant freezes your stone giant.
The vault guard barely misses you.
The vault guard hits your stone giant but does no damage.
You hammer the stone giant like a gong!!!!
You kill the stone giant!
Trog accepts your kill.
Your stone giant hits the frost giant!!
The shadow dragon completely misses you.
The shadow dragon claws you but does no damage.
The shadow dragon completely misses you.
The purple very ugly thing gores you but does no damage.
Your stone giant hits the frost giant but does no damage.
The frost giant hits you with a battleaxe of freezing!!
You die...

#..#...# #..#...# #..#####
###'#### ########......#
#......#......#
#......#.C....# ###
#......#pCD...# ####.####
#......#[@)...# #≈≈≈..≈≈#
#......'u()...# #≈≈....≈#
#......######## ##≈.§§...#
#......# #...§§§...
#......# ##..§§§..#
#...<..# #≈....≈≈# #......#
#≈≈..≈≈≈# #......#
####.####
##+##'################'####


You could see a shadow dragon, a frost giant, a purple very ugly thing, a vault
guard and a friendly stone giant (berserk).

Vanquished Creatures
  Mara (Depths:1)
  An ancient lich (Vaults:4)
  A juggernaut (Depths:4)
  Boris (Depths:4)
  the Lernaean hydra (Swamp:4)
  2 caustic shrikes
  2 golden dragons
  Arachne (Spider:2)
  Jorgrun (Depths:1)
  3 liches
  2 tentacled monstrosities
  A titan (Depths:2)
  A quicksilver dragon (Depths:4)
  6 sphinxes
  Gastronok (D:11)
  Agnes (Lair:3)
  2 thorn hunters
  The ghost of B1inky the Blocker, an adept GnFi of Makhleb (Swamp:3)
  Kirke (Spider:3)
  2 storm dragons
  5 draconian monks (Depths:5)
  9 tengu reavers
  Donald (Swamp:4)
  A draconian knight (Depths:5)
  8 frost giants
  2 deep elf sorcerers
  2 iron dragons
  Aizul (Swamp:4)
  12 fire giants
  3 ghost moths
  5 emperor scorpions
  2 deep elf elementalists
  19 vault wardens
  A balrug (Depths:3)
  20 stone giants
  2 draconian annihilators (Depths:5)
  2 spriggan defenders (Depths:4)
  A reaper (Depths:5)
  15 ironheart preservers
  2 war gargoyles (Vaults:4)
  3 vampire knights (Depths:2)
  The ghost of dstrtnsr the Severer, a journeyman MiBe of Trog (Swamp:1)
  33 very ugly things
  A deep elf demonologist (Vaults:4)
  A deep elf annihilator (Vaults:4)
  4 green draconians (Depths:5)
  3 white draconians (Depths:5)
  2 red draconians (Depths:5)
  5 black draconians (Depths:5)
  4 purple draconians (Depths:5)
  A deep elf death mage (Vaults:2)
  9 spark wasps
  A crystal guardian (Vaults:3)
  17 ettins
  2 jiangshi (Depths:5)
  7 great orbs of eyes
  14 ogre magi
  6 fire dragons
  36 vault guards
  14 yaktaur captains
  Josephine (Orc:1)
  Harold (Lair:4)
  A quicksilver dragon skeleton (Depths:4)
  4 rakshasas
  7 ice dragons
  The ghost of tilp the Spear-Bearer, a journeyman MfIE of Makhleb (D:11)
  A spriggan air mage (Depths:5)
  A hell beast (Depths:1)
  The ghost of SnubMonkey the Slicer, a journeyman KoBe of Trog (Lair:2)
  3 death knights
  17 hydras
  A catoblepas (Lair:2)
  13 centaur warriors
  12 deep troll earth magi
  14 alligators
  46 two-headed ogres
  10 deep troll shamans
  3 vampire magi
  An orc high priest (Orc:2)
  2 dancing weapons
  8 tengu warriors
  5 spriggan berserkers
  Urug (D:13)
  Nergalle (Orc:1)
  7 deep elf knights
  7 hell knights
  2 fire crabs (shapeshifter)
  A sixfirhy (Depths:5)
  A sun demon (Depths:5)
  5 iron trolls
  2 cherubim (D:15)
  3 skeletal warriors (Vaults:1)
  A sea snake (shapeshifter) (Vaults:3)
  2 unseen horrors (Depths:4)
  15 swamp dragons
  4 infernal demonspawn (Depths:3)
  8 large abominations (Depths:4)
  4 death drakes (Depths:5)
  4 glowing orange brains
  4 flayed ghosts
  5 wizards
  2 spriggan druids (Swamp:3)
  A glowing orange brain (shapeshifter) (Vaults:1)
  A shambling mangrove (Swamp:1)
  5 lindwurms
  6 deep elf archers
  Pikel (D:8)
  36 deep trolls
  A phantasmal warrior (Vaults:4)
  A wolf spider zombie (D:14)
  11 ironbrand convokers
  16 orb spiders
  3 harpies (Vaults:4)
  14 orc knights
  10 deep elf magi
  31 ugly things
  8 necromancers
  2 orc sorcerers
  An orb spider (shapeshifter) (Depths:4)
  An oklob plant (Lair:6)
  34 wolf spiders
  13 cyclopes
  A human zombie (Vaults:3)
  3 moths of wrath
  A frost giant zombie (Vaults:4)
  A naga mage (D:15)
  A centaur zombie (D:15)
  10 elephants (Lair:4)
  A rust devil (Depths:1)
  A black mamba (shapeshifter) (Vaults:3)
  3 black mambas
  Maurice (D:9)
  A stone giant skeleton (Vaults:4)
  11 vault sentinels
  A titan simulacrum (Vaults:3)
  2 orange demons (Depths:5)
  Joseph (D:7)
  21 spiny frogs
  2 torpor snails
  A yaktaur zombie (Vaults:3)
  An efreet (D:14)
  An eye of devastation (shapeshifter) (Depths:2)
  15 demonic crawlers
  2 rime drakes (Lair:6)
  53 yaktaurs
  A yaktaur (shapeshifter) (Depths:1)
  7 freezing wraiths
  A red devil (Depths:1)
  4 komodo dragons
  The ghost of ThereIsNoGod the Ruffian, an amateur TrMo of Cheibriados (D:5)
  4 tengu conjurers
  40 jumping spiders
  5 trolls
  A jumping spider (shapeshifter) (Depths:4)
  5 polar bears
  A wolf spider simulacrum (D:14)
  25 hornets
  A polar bear (shapeshifter) (Vaults:1)
  5 tyrant leeches
  A hornet (shapeshifter) (Depths:1)
  7 dream sheep
  4 wind drakes (Depths:5)
  33 slime creatures
  4 blink frogs (Lair:1)
  18 bog bodies
  A meliai zombie (D:15)
  9 hippogriffs
  A stone giant simulacrum (Vaults:3)
  4 flying skulls (Depths:1)
  30 tarantellas
  89 redbacks
  An ettin skeleton (Vaults:3)
  A vampire (D:13)
  17 spriggans
  3 wyverns
  5 water elementals
  4 shadows
  A ynoxinul (Depths:5)
  A tarantella (shapeshifter) (Vaults:4)
  11 wraiths
  60 yaks
  3 elf zombies
  Grum (D:8)
  4 hogs (Spider:3)
  A hog (shapeshifter) (Depths:1)
  2 hungry ghosts
  Eustachio (D:5)
  A yaktaur simulacrum (Vaults:4)
  20 vampire mosquitoes
  2 basilisks
  2 steam dragons
  Menkaure (D:7)
  2 soldier ants (D:13)
  The ghost of Daviar the Chiller, an amateur DsIE (D:4)
  3 wargs
  An acid dragon (Vaults:1)
  14 swamp worms
  An ogre zombie (Vaults:1)
  13 insubstantial wisps
  8 water moccasins
  2 floating eyes (shapeshifter)
  9 porcupines
  4 floating eyes
  18 swamp drakes
  45 orc warriors
  3 slaves (D:8)
  10 black bears
  3 ice beasts
  25 ogres
  5 sky beasts
  An ettin simulacrum (Vaults:3)
  An eye of draining (D:12)
  29 wolves
  8 phantoms
  22 centaurs
  3 human skeletons
  6 boggarts
  2 big kobolds
  21 crocodiles
  16 bullfrogs
  A glowing shapeshifter simulacrum (Vaults:3)
  2 gnoll sergeants (D:8)
  A water moccasin zombie (D:5)
  3 wyvern skeletons
  A deep troll simulacrum (Vaults:3)
  A wyvern zombie (D:15)
  6 scorpions
  4 small abominations (Depths:4)
  15 killer bees
  6 wights
  3 electric eels
  6 howler monkeys
  10 crimson imps
  2 human simulacra
  5 quasits
  Crazy Yiuf (D:7)
  3 bullfrog zombies
  4 centaur skeletons
  7 hounds
  2 jellies
  13 orc priests
  24 orc wizards
  2 bullfrog skeletons
  A gnoll shaman (D:7)
  10 iguanas
  5 iron imps
  Ijyb (D:5)
  8 worker ants
  A hound skeleton (D:5)
  A worker ant zombie (D:9)
  Robin (D:3)
  23 gnolls
  16 adders
  4 shadow imps
  3 white imps
  An ufetubus (Depths:5)
  2 oozes
  4 adder zombies (Ossuary)
  An adder skeleton (D:9)
  4 dart slugs
  18 leopard geckos
  110 orcs
  3 ball pythons
  9 bats
  6 giant cockroaches
  17 goblins
  16 hobgoblins
  7 jackals
  2 quokkas
  9 frilled lizards
  21 kobolds
  2 kobold zombies (Ossuary)
  An orc skeleton (Ossuary)
  An orc zombie (Ossuary)
  A quokka skeleton (D:4)
  A quokka zombie (D:7)
  9 rats
  A briar patch (Swamp:4)
2034 creatures vanquished.

Vanquished Creatures (collateral kills)
  A caustic shrike (Depths:4)
  A two-headed ogre (Vaults:2)
  A flayed ghost (Vaults:1)
  A golden dragon skeleton (Depths:4)
  2 ironbrand convokers (Vaults:1)
  An elephant (Lair:4)
  3 spiny frogs (Lair:1)
  An elf skeleton (Depths:4)
  A troll (Vaults:2)
  2 yaks (Lair:4)
  An ogre (Vaults:2)
  An orc warrior (Vaults:1)
  A boggart (Vaults:1)
  2 orcs (Vaults:2)
19 creatures vanquished.

Vanquished Creatures (others)
  An unseen horror (Depths:4)
  An ugly thing (Vaults:4)
  A yaktaur (Vaults:5)
  An ogre (D:8)
  An orc wizard (Vaults:4)
  A quokka (D:5)
  10 fungi
  16 plants
32 creatures vanquished.

Grand Total: 2085 creatures vanquished

Notes
Turn   | Place    | Note
-------+----------+-------------------------------------------
     0 | D:1      | SnubMonkey the Ogre Berserker began the quest for the Orb.
     0 | D:1      | Reached XP level 1. HP: 24/24 MP: 1/1
   202 | D:1      | Reached XP level 2. HP: 23/32 MP: 2/2
   796 | D:1      | Reached XP level 3. HP: 40/40 MP: 3/3
  1454 | D:2      | Found a glowing golden altar of the Shining One.
  1576 | D:2      | Reached ** piety under Trog
  1732 | D:2      | Reached XP level 4. HP: 49/49 MP: 4/4
  1970 | D:2      | Reached skill level 5 in Fighting
  2139 | D:2      | Found a shattered altar of Ashenzari.
  2149 | D:2      | Saw a vision of the Swamp and the Spider Nest.
  2149 | D:2      | Noticed an alligator
  2149 | D:2      | Noticed an alligator
  2149 | D:2      | Noticed an alligator
  2149 | D:2      | Noticed a water moccasin
  2149 | D:2      | Noticed a redback
  2149 | D:2      | Noticed a redback
  2149 | D:2      | Noticed a wolf spider
  2149 | D:2      | Noticed a wolf spider
  2149 | D:2      | Noticed a redback
  2150 | D:2      | Noticed a redback
  2150 | D:2      | Noticed an alligator
  2150 | D:2      | Noticed a wolf spider
  2292 | D:3      | Found a blossoming altar of Fedhas.
  2334 | D:3      | Reached XP level 5. HP: 57/57 MP: 5/5
  2640 | D:3      | Noticed Robin
  2651 | D:3      | Reached *** piety under Trog
  2982 | D:3      | Killed Robin
  3261 | D:3      | Reached skill level 5 in Maces & Flails
  3584 | D:4      | Noticed Daviar's ghost (amateur DsIE)
  3603 | D:4      | Found a radiant altar of Vehumet.
  3613 | D:4      | Reached XP level 6. HP: 32/66 MP: 6/6
  3782 | D:4      | Killed Daviar's ghost
  3881 | D:4      | Noticed a phantom
  3938 | D:4      | Found a stormy altar of Qazlal.
  4233 | D:4      | Killed a phantom
  4233 | D:4      | Reached XP level 7. HP: 59/72 MP: 7/7
  4861 | D:5      | Entered Level 5 of the Dungeon
  4861 | D:5      | Noticed ThereIsNoGod's ghost (amateur TrMo)
  4877 | D:5      | Killed ThereIsNoGod's ghost
  4877 | D:5      | Reached XP level 8. HP: 80/81 MP: 8/8
  4893 | D:5      | Reached **** piety under Trog
  4934 | D:5      | Noticed Eustachio
  5060 | D:5      | Noticed Ijyb
  5082 | D:5      | Killed Ijyb
  5591 | D:5      | Killed Eustachio
  5966 | D:5      | Reached skill level 10 in Maces & Flails
  6025 | D:5      | Found a white marble altar of Elyvilon.
  6174 | D:6      | Found Waqaxor's Weapon Shoppe.
  6208 | D:6      | Reached XP level 9. HP: 72/89 MP: 9/9
  6424 | D:6      | Reached skill level 6 in Fighting
  6564 | D:6      | Found Huerphal's General Store.
  6673 | D:6      | Found a staircase to the Ecumenical Temple.
  6819 | D:6      | Found Ciecw's Book Shoppe.
  7020 | D:6      | Found a burning altar of Makhleb.
  7020 | D:6      | Noticed a cacodemon
  7023 | D:6      | Noticed a smoke demon
  7367 | D:7      | Found a shadowy altar of Dithmenos.
  7418 | D:7      | HP: 4/92 [killer bee (7)]
  7423 | D:7      | HP: 3/92 [poisoned by a killer bee]
  7431 | D:7      | HP: 3/92 [poisoned by a killer bee]
  7797 | D:7      | Noticed Joseph
  8213 | D:7      | Killed Joseph
  8213 | D:7      | Reached skill level 7 in Fighting
  8624 | D:7      | Noticed Menkaure
  8819 | D:7      | Killed Menkaure
  9038 | D:7      | Reached XP level 10. HP: 104/104 MP: 10/10
  9305 | D:7      | Found a runed door.
  9403 | D:7      | Noticed Crazy Yiuf
  9408 | D:7      | Killed Crazy Yiuf
  9491 | D:8      | Reached skill level 8 in Fighting
  9495 | D:8      | Reached ***** piety under Trog
  9518 | D:8      | Found a sand-covered staircase.
  9527 | Ossuary  | Entered an ossuary
  9677 | Ossuary  | Reached skill level 5 in Dodging
 10106 | D:8      | Noticed Pikel
 10124 | D:8      | Killed Pikel
 10252 | D:8      | Received a gift from Trog
 10261 | D:8      | Got a pitted giant spiked club {god gift}
 10379 | D:8      | Identified the +3 giant spiked club of Isitoqymp {crush, rF+ rC+ rN+} (Trog gifted it to you on level 8 of the Dungeon)
 10561 | D:8      | Found a bloodstained altar of Trog.
 10839 | D:8      | Found a staircase to the Lair.
 10886 | D:8      | Noticed Grum
 11262 | D:8      | Killed Grum
 11901 | D:9      | Noticed Maurice
 11916 | D:9      | Killed Maurice
 11916 | D:9      | Reached XP level 11. HP: 113/113 MP: 11/11
 12110 | D:9      | Received a gift from Trog
 12297 | D:9      | Found a roughly hewn altar of Beogh.
 12297 | D:9      | Found a staircase to the Orcish Mines.
 12459 | D:9      | Found an ornate altar of the Wu Jian Council.
 12700 | Lair:1   | Entered Level 1 of the Lair of Beasts
 14353 | Lair:1   | Gained mutation: Your spells are a little easier to cast, but a little less powerful. [potion of mutation]
 14353 | Lair:1   | Gained mutation: You can translocate small distances at will. [potion of mutation]
 14353 | Lair:1   | Gained mutation: Your muscles are strong. (Str +2) [potion of mutation]
 14553 | Lair:2   | Noticed SnubMonkey's ghost (journeyman KoBe)
 14580 | Lair:2   | Killed SnubMonkey's ghost
 14663 | Lair:2   | Reached XP level 12. HP: 122/122 MP: 12/12
 14816 | Lair:2   | Noticed a catoblepas
 14887 | Lair:2   | Killed a catoblepas
 14887 | Lair:2   | Reached skill level 15 in Maces & Flails
 16307 | Lair:3   | Found a frozen archway.
 16355 | IceCv    | Entered an ice cave
 16712 | Lair:3   | Found a staircase to the Swamp.
 16739 | Lair:3   | Found a hole to the Spider Nest.
 17269 | Lair:4   | Noticed a seven-headed hydra
 17280 | Lair:3   | Killed a seven-headed hydra
 17280 | Lair:3   | Reached skill level 9 in Fighting
 18120 | Lair:4   | Reached skill level 10 in Fighting
 18124 | Lair:4   | Reached XP level 13. HP: 100/133 MP: 13/13
 18294 | Lair:4   | Noticed Harold
 18311 | Lair:4   | Killed Harold
 18605 | Lair:4   | HP: 1/135 [yak (14)]
 19418 | Lair:5   | Received a gift from Trog
 19988 | Lair:5   | Got a scintillating wooden ring
 20030 | Lair:5   | Reached skill level 11 in Fighting
 20735 | Lair:5   | Identified the ring of the Eight Queens {rCorr rF+ Dex+3} (You found it on level 5 of the Lair of Beasts)
 20884 | D:10     | Entered Level 10 of the Dungeon
 21153 | D:10     | Found Radghomu's Book Boutique.
 21316 | D:10     | Reached skill level 1 in Throwing
 21648 | D:11     | Found a flagged portal.
 21666 | D:11     | Received a gift from Trog
 21681 | D:11     | Got a twisted giant club {god gift}
 21868 | D:11     | Identified the +3 giant club of Ilocwat {vamp, Str+3} (Trog gifted it to you on level 11 of the Dungeon)
 21870 | Bailey   | Entered a bailey
 23136 | D:11     | Noticed tilp's ghost (journeyman MfIE)
 23143 | D:11     | Killed tilp's ghost
 23293 | D:11     | Noticed Gastronok
 23302 | D:11     | Killed Gastronok
 23311 | D:11     | Received a gift from Trog
 23317 | D:11     | Reached XP level 14. HP: 148/148 MP: 14/14
 23758 | D:11     | Received a gift from Trog
 23872 | D:11     | Reached skill level 12 in Fighting
 24017 | D:11     | Reached XP level 15. HP: 156/156 MP: 15/15
 25142 | D:13     | Received a gift from Trog
 25394 | Lair:6   | Entered Level 6 of the Lair of Beasts
 26007 | Lair:6   | Received a gift from Trog
 26266 | Lair:6   | Got a warped dire flail {god gift}
 26631 | Lair:6   | Reached skill level 13 in Fighting
 26973 | Lair:6   | Found a viscous altar of Jiyva.
 26973 | Lair:6   | Found a staircase to the Slime Pits.
 27454 | D:13     | Found a gate to the Vaults.
 27579 | D:13     | Noticed Urug
 27596 | D:13     | Killed Urug
 27723 | D:13     | Reached skill level 10 in Dodging
 28020 | D:13     | Paralysed by an ogre mage for 5 turns
 28474 | D:14     | Received a gift from Trog
 28995 | D:14     | Reached ****** piety under Trog
 29157 | D:14     | Reached XP level 16. HP: 159/170 MP: 16/16
 29295 | D:14     | Received a gift from Trog
 29481 | D:15     | Entered Level 15 of the Dungeon
 30071 | D:15     | Reached skill level 10 in Armour
 30584 | D:15     | Found a staircase to the Depths.
 30857 | Orc:1    | Entered Level 1 of the Orcish Mines
 30964 | Orc:1    | Noticed Nergalle
 30973 | Orc:1    | Killed Nergalle
 31285 | Orc:1    | Noticed Josephine
 31290 | Orc:1    | Killed Josephine
 31456 | Orc:2    | Entered Level 2 of the Orcish Mines
 31466 | Orc:2    | Reached skill level 14 in Fighting
 31476 | Orc:2    | Received a gift from Trog
 31832 | Orc:2    | Found Sabipt's Book Shop.
 32049 | Orc:2    | Found a staircase to the Elven Halls.
 32125 | Orc:2    | Found Votour's General Store.
 32272 | Orc:2    | Found Tuopink's Antique Weapon Shop.
 32337 | Orc:2    | Found Korhaelu's Antique Armour Shoppe.
 32871 | Orc:2    | Bought a scroll of acquirement for 676 gold pieces
 32871 | Orc:2    | Bought a scroll of blinking for 97 gold pieces
 33003 | D:8      | Identified the +6 dire flail "Nusmeliv" {holy, rElec} (Trog gifted it to you on level 6 of the Lair of Beasts)
 33075 | Swamp:1  | Entered Level 1 of the Swamp
 33312 | Swamp:1  | Received a gift from Trog
 33330 | Swamp:1  | Got a warped giant spiked club {god gift}
 33334 | Swamp:1  | Identified the +7 giant spiked club of Guniggyd {flame, Int+4} (Trog gifted it to you on level 1 of the Swamp)
 33774 | Swamp:1  | Noticed dstrtnsr's ghost (journeyman MiBe)
 33808 | Swamp:1  | Killed dstrtnsr's ghost
 35344 | Swamp:3  | Noticed B1inky's ghost (adept GnFi)
 35605 | Swamp:3  | Received a gift from Trog
 35605 | Swamp:3  | Reached XP level 17. HP: 182/182 MP: 17/17
 35648 | Swamp:3  | Killed B1inky's ghost
 36078 | Swamp:3  | Received a gift from Trog
 36117 | Swamp:3  | Reached skill level 15 in Fighting
 37013 | Swamp:4  | Entered Level 4 of the Swamp
 37057 | Swamp:4  | Noticed Donald
 37075 | Swamp:4  | Killed Donald
 37434 | Swamp:4  | Received a gift from Trog
 38092 | Swamp:4  | Noticed Aizul
 38107 | Swamp:4  | Killed Aizul
 38293 | Swamp:4  | Noticed the 27-headed Lernaean hydra
 38301 | Swamp:4  | Killed the 27-headed Lernaean hydra
 38592 | Swamp:4  | Got a decaying rune of Zot
 39088 | Spider:1 | Entered Level 1 of the Spider Nest
 39280 | Spider:1 | Received a gift from Trog
 39448 | Spider:1 | Reached skill level 16 in Fighting
 39494 | Spider:1 | Noticed Agnes
 39560 | Lair:3   | Killed Agnes
 39560 | Lair:3   | Reached XP level 18. HP: 138/196 MP: 18/18
 40399 | Spider:2 | Received a gift from Trog
 40437 | Spider:2 | Got an ancient dire flail {god gift}
 40438 | Spider:2 | Identified the +3 dire flail of Defenestration {venom, rF+++} (Trog gifted it to you on level 2 of the Spider Nest)
 41025 | Spider:2 | Noticed Arachne
 41049 | Spider:2 | Killed Arachne
 41911 | Spider:2 | Received a gift from Trog
 42403 | Spider:3 | Noticed Kirke
 42428 | Spider:3 | Killed Kirke
 43942 | Spider:4 | Entered Level 4 of the Spider Nest
 44209 | Spider:4 | Received a gift from Trog
 44631 | Spider:4 | Reached skill level 17 in Fighting
 45219 | Spider:4 | Reached XP level 19. HP: 209/209 MP: 7/19
 45267 | Spider:4 | Received a gift from Trog
 45268 | Spider:4 | Got an iridescent great mace {god gift}
 45278 | Spider:4 | Identified the +8 great mace of the Maze {freeze, *Rage rElec rN+++ MR-} (Trog gifted it to you on level 4 of the Spider Nest)
 45632 | Spider:4 | Got a gossamer rune of Zot
 45972 | Vaults:1 | Entered Level 1 of the Vaults
 46281 | Vaults:1 | Received a gift from Trog
 47070 | Vaults:1 | You fall through a shaft!
 47466 | Vaults:2 | Reached skill level 15 in Armour
 47730 | Vaults:1 | Reached skill level 18 in Fighting
 47834 | Vaults:1 | Received a gift from Trog
 48442 | Vaults:1 | Reached XP level 20. HP: 221/221 MP: 20/20
 48512 | Vaults:1 | HP: 5/222 [something (14)]
 48960 | Vaults:1 | Paralysed by a floating eye for 3 turns
 48968 | Vaults:1 | Paralysed by a floating eye for 2 turns
 48975 | Vaults:1 | Paralysed by a floating eye for 3 turns
 48991 | Vaults:1 | Paralysed by a floating eye for 3 turns
 49195 | Vaults:1 | Identified the Catalogue of Ignition
 49654 | Vaults:1 | Got a transparent shield
 49950 | Vaults:2 | Found a staircase to the Crypt.
 50545 | Vaults:2 | Received a gift from Trog
 50552 | Vaults:2 | Got a slimy giant club {god gift}
 50593 | Vaults:2 | Identified the +4 giant club of Ukhenaz {vamp, MR+} (Trog gifted it to you on level 2 of the Vaults)
 51975 | Vaults:3 | Reached skill level 19 in Fighting
 52297 | Vaults:3 | Received a gift from Trog
 52663 | Vaults:3 | Reached XP level 21. HP: 234/234 MP: 21/21
 52868 | Vaults:3 | Received a gift from Trog
 53421 | Vaults:3 | Identified the Tome of Bewitchment and Transmigration
 53490 | Vaults:4 | Reached skill level 5 in Throwing
 54059 | Vaults:4 | Received a gift from Trog
 54154 | Vaults:4 | Reached skill level 20 in Fighting
 54464 | Vaults:4 | Reached skill level 15 in Dodging
 54598 | Vaults:4 | Received a gift from Trog
 55419 | Vaults:4 | Upgraded the game from 0.22-a0-135-g6f012ad to 0.22-a0-136-g83a10e5
 55631 | Depths:1 | Entered Level 1 of the Depths
 55778 | Depths:1 | Received a gift from Trog
 56112 | Depths:1 | Noticed Jorgrun
 56129 | Depths:1 | Killed Jorgrun
 56129 | Depths:1 | Reached XP level 22. HP: 227/249 MP: 22/22
 56220 | Depths:1 | Received a gift from Trog
 56301 | Depths:1 | Noticed Mara
 56304 | Depths:1 | Noticed SnubMonkey's illusion
 56314 | Depths:1 | Killed Mara
 56436 | Depths:1 | Reached skill level 21 in Fighting
 56647 | Depths:1 | Found a gateway to Hell.
 56685 | Depths:1 | Found Murin's Distillery.
 56810 | Depths:1 | Bought a potion of heal wounds for 90 gold pieces
 57484 | Depths:2 | Found a gateway to a ziggurat.
 57543 | Depths:2 | Received a gift from Trog
 58334 | Depths:2 | Received a gift from Trog
 58563 | Depths:2 | Received a gift from Trog
 58793 | Depths:2 | Noticed a caustic shrike
 58796 | Depths:2 | Killed a caustic shrike
 58947 | Depths:2 | Received a gift from Trog
 59230 | Depths:2 | Received a gift from Trog
 59625 | Depths:3 | Reached XP level 23. HP: 194/262 MP: 23/23
 59665 | Depths:3 | Reached skill level 22 in Fighting
 59766 | Depths:3 | Found a runed door.
 59951 | Depths:3 | Received a gift from Trog
 59965 | Depths:3 | Found a runed door.
 60034 | Depths:3 | Found a runed door.
 60093 | Depths:3 | Found a one-way gate to the infinite horrors of the Abyss.
 60148 | Depths:3 | Got a smoking zirconium amulet
 61437 | Depths:3 | Found a one-way gate leading to the halls of Pandemonium.
 61665 | Depths:3 | Identified the amulet "Pongiski" {Faith rF++ rC- Str+3} (You took it off a frost giant on level 3 of the Depths)
 61770 | Depths:4 | Received a gift from Trog
 61825 | Depths:4 | Reached skill level 23 in Fighting
 61828 | Depths:4 | Noticed a caustic shrike
 61841 | Depths:4 | Killed a caustic shrike
 61866 | Depths:4 | Received a gift from Trog
 61889 | Depths:4 | Noticed a caustic shrike
 61894 | Depths:4 | Killed a caustic shrike
 62466 | Depths:4 | Received a gift from Trog
 62798 | Depths:4 | Noticed a juggernaut
 63022 | Depths:4 | Received a gift from Trog
 63025 | Depths:4 | Got a translucent giant club {god gift}
 63082 | Depths:4 | Identified the +9 giant club "Anafeikk" {protect, *Rage +Fly rPois Int+6} (Trog gifted it to you on level 4 of the Depths)
 63210 | Depths:4 | Killed a juggernaut
 63389 | Depths:4 | Reached XP level 24. HP: 255/280 MP: 23/23
 63954 | Depths:4 | Found Ucwiusso's Gadget Shop.
 63954 | Depths:4 | Found Ziyngif's Jewellery Emporium.
 63955 | Depths:4 | Found Juner Ypuliz's Jewellery Emporium.
 63985 | Depths:4 | Reached skill level 24 in Fighting
 64435 | Depths:5 | Entered Level 5 of the Depths
 64509 | Depths:5 | Noticed Boris
 64535 | Depths:4 | Killed Boris
 65003 | Depths:5 | Received a gift from Trog
 65610 | Depths:5 | Found Caoddola's Food Boutique.
 65614 | Depths:5 | Found Heahoil's Jewellery Shop.
 65615 | Depths:5 | Found Foseroo's Gadget Boutique.
 66397 | Depths:5 | Reached skill level 25 in Fighting
 66411 | Depths:5 | Received a gift from Trog
 68577 | Depths:5 | Reached XP level 25. HP: 290/290 MP: 23/23
 68675 | Depths:5 | Received a gift from Trog
 68684 | Depths:5 | Got a blackened great mace {god gift}
 68687 | Depths:5 | Found a gate to the Realm of Zot.
 69382 | D:8      | Identified the +7 great mace of Fagit {crush, Str+6} (Trog gifted it to you on level 5 of the Depths)
 69645 | Vaults:5 | Entered Level 5 of the Vaults
 69697 | Vaults:5 | Noticed an ancient lich
 69725 | Vaults:5 | Reached skill level 26 in Fighting
 69726 | Vaults:5 | Noticed Mennas
 69738 | Vaults:4 | Killed an ancient lich
 70012 | Vaults:4 | Received a gift from Trog
 70228 | Vaults:4 | HP: 15/301 [purple very ugly thing (12)]
 70229 | Vaults:4 | Mangled by a frost giant

Vault maps used:
D:1:      matt_arrival_grand_opening
D:2:      tso_metal_star, first_ration, grunt_decor_fettered,
          grunt_ashenzari_visionary
D:3:      corexii_shack_village, fedhas_altar_3, uniq_robin
D:4:      grunt_qazlal_sundering, vehumet_altar_wand_db
D:5:      elyvilon_altar_4, uniq_ijyb, uniq_eustachio
D:6:      minmay_temple_entry_crystal_x, serial_shops, shop_fountains,
          nicolae_shop_crystal, nicolae_shop_crystal, minivault_11,
          dk_vineyard_1, makhleb_altar_promises_db
D:7:      grunt_dithmenos_smoke_and_mirrors, grunt_ogre_cave,
          grunt_decor_resistance, uniq_menkaure, uniq_joseph,
          uniq_crazy_yiuf_cottage
D:8:      trog_ov_bears_minmay, lair_entry_dummy,
          lightli_ossuary_entry_decrepit_ruins, uniq_pikel, uniq_grum
D:9:      kennysheep_mini, david_orc_5, uniq_maurice
D:10:     serial_shops, shop, minmay_misc_feat_cross, grunt_ministairs_14
D:11:     enter_bailey_2, amethyst_killhole, uniq_gastronok
D:13:     david_vaults_2, uniq_urug
D:14:     hangedman_abyss_or_decor_stabs
D:15:     grunt_enter_depths_magical_seal, hangedman_abyss_or_decor_passed,
          minmay_misc_feat_x, pf_eden
Lair:1:   beast_lair_carwin_11, serial_bayou_shore_b
Lair:3:   swamp_mist_pool, spider_nest_entry_webs,
          portal_ice_cave_entry_pillars_1
Lair:4:   serial_bayou_shore_b, serial_bayou_shore_b, grunt_megastairs_4,
          serial_bayou_shore_a, uniq_harold
Lair:5:   lemuel_reptile_caves, grunt_forest_stairs_basic, lemuel_fruit_fields
Lair:6:   minmay_lair_end_enchanted_forest, dpeg_slime_entry_enclosed_altar
Swamp:1:  evilmike_swamp_ruin_house_3
Swamp:2:  nicolae_swamp_round_clearing, swamp_pool3
Swamp:3:  hangedman_swamp_diagram, swamp_pool5, st_swamp_mini
Swamp:4:  grunt_swamp_rune_castle, uniq_donald, uniq_aizul
Spider:1: uniq_agnes
Spider:2: einodemon_crawler_minivault, uniq_arachne
Spider:3: spiders_nest_scorpion_pit, uniq_kirke
Spider:4: spider_rune_water
Orc:1:    uniq_josephine, uniq_nergalle
Orc:2:    grunt_orc_gardens, grunt_orc_garden, grunt_orc_garden,
          grunt_orc_garden, grunt_orc_garden
Vaults:1: st_greater_box_3, nicolae_vaults_mini_display_case, v_alt_pattern_5,
          nicolae_vaults_network_s, ontoclasm_vaults_claustrophobia,
          vaults_room_stairs_pillars, vaults_room_grunt_arrival_ludios,
          nicolae_vaults_network_quinsquares, hangedman_vaults_hat,
          vaults_mumra_chevron, ontoclasm_vaults_ligature,
          hangedman_vaults_impose, vaults_room_ringed_pool
Vaults:2: v_misc_8, nicolae_vaults_big_ls, hangedman_vaults_nodes,
          vaults_dpeg_diagonal, nicolae_vaults_asterisk, grunt_vaults_funnel,
          nicolae_vaults_three_branches
Vaults:3: v_rooms_5, nicolae_vaults_circle_grid_b, ontoclasm_vaults_fault,
          vaults_room_pools, nicolae_vaults_little_squares_2,
          nicolae_vaults_back_hallway, v_misc_4, nicolae_vaults_angled_halls,
          hangedman_vaults_cutoff, hangedman_vaults_restitches,
          vaults_room_door_ring
Vaults:4: vaults_room_large_hall, serial_ice_m, st_smaller_cells,
          vaults_room_boxed, serial_ice_g, v_rooms_6,
          vaults_mumra_minichess_inversion, hangedman_vaults_maws,
          v_alt_pattern_4, nicolae_vaults_asterisk, vaults_dpeg_spiral, v_misc_9
Vaults:5: serial_shops, uniq_mennas
Depths:1: grunt_mini_vestibule, serial_shops, shop, grunt_decor_clamped,
          kennysheep_generic_room_11, uniq_mara, uniq_jorgrun
Depths:2: lemuel_traditional_vault, enter_ziggurat_b, hell_entry
Depths:3: minmay_the_grid_triangle_9x9_rhombus_full_mashed, nrook_uturn,
          hangedman_geh_valley, grunt_pan_entry_sceptre, abyss_entry,
          roderic_malta_cross
Depths:4: evilmike_pillar_path, minmay_room_of_horrors,
          grunt_hell_entry_dis_old, kennysheep_minor_cross,
          minmay_staircase_statues_hall_large, minmay_shop_grove
Depths:5: lemuel_castle_with_subvaults, hex_medium, hell_entry, abyss_entry,
          grunt_pan_entry_zigzag, basic_stair_grate_trap, minmay_shop_star,
          uniq_boris
Ossuary:  ossuary_due_cavern
Bailey:   bailey_polearm_flooded_kennysheep, bailey
IceCv:    ice_cave_small_giant

Skill      XL: |  1  2  3  4  5  6  7  8  9 10 11 12 13 14 15 16 17 18 19 20 21 22 23 24 25 |
---------------+----------------------------------------------------------------------------+-----
Maces & Flails | 3 4 5 6 8 10 11 12 14 16 17 18 19 20 21 22 | 22.0
Fighting       | 5 7 8 10 11 12 13 14 16 17 18 19 20 21 23 25 26 | 26.5
Dodging        | 3 4 6 7 8 9 10 11 12 13 14 15 16 17 18 | 18.3
Throwing       | 3 4 5 6 |  6.3
Armour         | 7 9 11 12 14 15 16 17 18 19 | 19.2

Action                   |  1- 3 |  4- 6 |  7- 9 | 10-12 | 13-15 | 16-18 | 19-21 | 22-24 | 25-27 || total
-------------------------+-------+-------+-------+-------+-------+-------+-------+-------+-------++-------
Melee: Mace              |   119 |   150 |       |       |       |       |       |       |       ||   269
       Flail             |       |    54 |   391 |    12 |       |       |       |       |       ||   457
       Giant club        |       |       |       |   502 |   781 |  1565 |  1585 |  1623 |   255 ||  6311
       Giant spiked club |       |       |       |   105 |   210 |       |       |       |       ||   315
Throw: Javelin           |       |       |       |     3 |    37 |       |       |       |       ||    40
       Large rock        |       |       |       |       |     6 |    17 |     4 |     2 |       ||    29
Invok: Berserk           |     4 |     7 |    11 |    20 |    12 |    24 |    10 |    10 |     2 ||   100
       Trog's Hand       |       |     1 |     2 |     2 |     7 |     7 |     4 |     5 |     4 ||    32
       Brothers in Arms  |       |       |       |     1 |     1 |       |     4 |     4 |     1 ||    11
       Burn Spellbooks   |       |       |       |     2 |       |       |       |       |       ||     2
Evoke: Wand              |       |       |       |     3 |     2 |     2 |       |       |       ||     7
  Use: Scroll            |       |     5 |     7 |    11 |     6 |    12 |     9 |     4 |    14 ||    68
       Potion            |       |       |     4 |     4 |     6 |     2 |    10 |       |     7 ||    33
 Stab: Sleeping          |     1 |       |       |     2 |       |       |       |       |       ||     3
       Distracted        |       |     1 |       |       |     1 |       |       |       |       ||     2
       Invisible         |       |       |       |       |     7 |       |       |       |       ||     7
  Eat: Chunk             |     5 |    10 |    19 |    35 |    34 |    48 |    35 |    41 |     1 ||   228
       Ration            |       |     2 |     2 |     4 |     6 |     9 |     5 |     4 |     2 ||    34
Armor: Animal skin       |    43 |    40 |    88 |   106 |    55 |       |       |       |       ||   332
       Steam dragon scal |       |       |       |       |   173 |   141 |       |       |       ||   314
       Swamp dragon scal |       |       |       |       |       |   364 |       |       |       ||   364
       Quicksilver drago |       |       |       |       |       |   115 |   473 |   476 |       ||  1064
       Gold dragon scale |       |       |       |       |       |       |       |    40 |   369 ||   409
Dodge: Dodged            |    78 |   203 |   325 |   437 |   926 |  1610 |  1278 |  1426 |   417 ||  6700

Table legend:
 A = Spawn XP
 B = Non-spawn XP
 C = Spawn XP percentage of total XP
 D = Spawn monster count
 E = Non-spawn monster count
 F = Spawn count percentage of total count
 G = Total turns spent on level
                    A         B        C        D         E        F      G
               +---------+---------+-------+---------+---------+-------+---------
         Total |       0 | 1007487 |   0.0 |       0 |    2050 |   0.0 | 70229
               +---------+---------+-------+---------+---------+-------+---------
           D:1 |       0 |      37 |   0.0 |       0 |      19 |   0.0 |  1259
           D:2 |       0 |      72 |   0.0 |       0 |      18 |   0.0 |  1061
           D:3 |       0 |     157 |   0.0 |       0 |      56 |   0.0 |  1390
           D:4 |       0 |     712 |   0.0 |       0 |      20 |   0.0 |  1273
           D:5 |       0 |    1273 |   0.0 |       0 |      26 |   0.0 |  1132
           D:6 |       0 |     673 |   0.0 |       0 |      17 |   0.0 |  1610
           D:7 |       0 |    2048 |   0.0 |       0 |      33 |   0.0 |  2095
           D:8 |       0 |    2458 |   0.0 |       0 |      45 |   0.0 |  1709
           D:9 |       0 |    2030 |   0.0 |       0 |      39 |   0.0 |  1335
          D:10 |       0 |    1436 |   0.0 |       0 |      16 |   0.0 |   841
          D:11 |       0 |   12736 |   0.0 |       0 |      57 |   0.0 |  1697
          D:12 |       0 |    4789 |   0.0 |       0 |      38 |   0.0 |  1017
          D:13 |       0 |    8160 |   0.0 |       0 |      29 |   0.0 |  1287
          D:14 |       0 |    6332 |   0.0 |       0 |      22 |   0.0 |  1186
          D:15 |       0 |   10933 |   0.0 |       0 |      23 |   0.0 |  1333
        Lair:1 |       0 |    6993 |   0.0 |       0 |      32 |   0.0 |  1915
        Lair:2 |       0 |    3255 |   0.0 |       0 |      11 |   0.0 |  1449
        Lair:3 |       0 |    9660 |   0.0 |       0 |      28 |   0.0 |  2685
        Lair:4 |       0 |   12354 |   0.0 |       0 |      44 |   0.0 |  1993
        Lair:5 |       0 |    4361 |   0.0 |       0 |      47 |   0.0 |  1367
        Lair:6 |       0 |   18590 |   0.0 |       0 |      81 |   0.0 |  1669
       Swamp:1 |       0 |   14863 |   0.0 |       0 |      35 |   0.0 |  1345
       Swamp:2 |       0 |    6582 |   0.0 |       0 |      21 |   0.0 |  1274
       Swamp:3 |       0 |   20477 |   0.0 |       0 |      39 |   0.0 |  1404
       Swamp:4 |       0 |   31866 |   0.0 |       0 |      48 |   0.0 |  1848
      Spider:1 |       0 |   13181 |   0.0 |       0 |      40 |   0.0 |   796
      Spider:2 |       0 |   27827 |   0.0 |       0 |      75 |   0.0 |  1731
      Spider:3 |       0 |   21084 |   0.0 |       0 |      55 |   0.0 |  1680
      Spider:4 |       0 |   33270 |   0.0 |       0 |      79 |   0.0 |  1785
         Orc:1 |       0 |    5061 |   0.0 |       0 |      18 |   0.0 |   773
         Orc:2 |       0 |   12400 |   0.0 |       0 |      53 |   0.0 |  1308
      Vaults:1 |       0 |   68565 |   0.0 |       0 |      98 |   0.0 |  2986
      Vaults:2 |       0 |   58428 |   0.0 |       0 |      85 |   0.0 |  2474
      Vaults:3 |       0 |   45813 |   0.0 |       0 |      88 |   0.0 |  1828
      Vaults:4 |       0 |  122720 |   0.0 |       0 |     144 |   0.0 |  2565
      Vaults:5 |       0 |   22937 |   0.0 |       0 |      17 |   0.0 |    82
      Depths:1 |       0 |   43333 |   0.0 |       0 |      48 |   0.0 |  1338
      Depths:2 |       0 |   77414 |   0.0 |       0 |      80 |   0.0 |  2681
      Depths:3 |       0 |   64301 |   0.0 |       0 |      79 |   0.0 |  2090
      Depths:4 |       0 |   85289 |   0.0 |       0 |      81 |   0.0 |  3745
      Depths:5 |       0 |  119281 |   0.0 |       0 |     110 |   0.0 |  3689
       Ossuary |       0 |     559 |   0.0 |       0 |      12 |   0.0 |   333
        Bailey |       0 |    2246 |   0.0 |       0 |      39 |   0.0 |  1115
         IceCv |       0 |     931 |   0.0 |       0 |       5 |   0.0 |    56
               +---------+---------+-------+---------+---------+-------+---------
